 Dungeon Crawl Stone Soup version 0.21.1-1-g345015f (webtiles) character file.

680 Fang the Skirmisher (level 7, -2/44 HPs)
             Began as a Gargoyle Berserker on May 7, 2018.
             Was an Elder of Trog.
             Slain by a killer bee zombie (4 damage)
             ... on level 5 of the Dungeon.
             The game lasted 00:07:12 (4245 turns).

Fang the Skirmisher (Gargoyle Berserker)            Turns: 4245, Time: 00:07:12

Health: -2/44      AC:  7    Str: 23    XL:     7   Next: 60%
Magic:  7/7        EV: 13    Int:  7    God:    Trog [****..]
Gold:   243        SH:  4    Dex:  9    Spells: 6/6 levels left

rFire    x . .     SeeInvis .   k - +0 whip (freeze)
rCold    + . .     Gourm    .   (no shield)
rNeg     + . .     Faith    .   b - +0 animal skin
rPois    ∞         Spirit   .   (no helmet)
rElec    +         Reflect  +   (no cloak)
rCorr    .         Harm     .   (no gloves)
MR       .....                  (no boots)
Stlth    ++........             q - +4 amulet of reflection
HPRegen  0.14/turn              o - ring of ice
MPRegen  0.10/turn              (no ring)

@: berserk cooldown, very slightly contaminated, slowed, very slow
A: negative energy resistance 1, electricity resistance, unbreathing,
petrification resistance, rot immunity, AC +4
a: Berserk, Trog's Hand, Brothers in Arms, Burn Spellbooks, Renounce Religion


You were on level 5 of the Dungeon.
You worshipped Trog.
Trog was greatly pleased with you.
You were very hungry.

You visited 1 branch of the dungeon, and saw 5 of its levels.

You collected 243 gold pieces.

Inventory:

Hand Weapons
 a - a +0 hand axe
 k - a +0 whip of freezing (weapon)
Armour
 b - a +0 animal skin (worn)
Jewellery
 o - a ring of ice (left hand)
 q - a +4 amulet of reflection (around neck)
Wands
 m - a wand of digging (16)
 n - a wand of clouds (6)
Scrolls
 f - a scroll of blinking
Potions
 d - a potion of berserk rage
 j - a potion of heal wounds
 l - a potion of brilliance
 p - a potion of agility
 r - a potion of flight {unknown}
 t - a potion of curing {unknown}
Comestibles
 c - 9 rations
 s - 2 chunks of flesh


   Skills:
 + Level 5.2 Fighting
 + Level 4.4(5.0) Axes
 + Level 3.8(5.0) Maces & Flails
 + Level 2.3 Armour
 + Level 3.3 Dodging
 + Level 2.4 Stealth


You had 6 spell levels left.
You didn't know any spells.

Dungeon Overview and Level Annotations

Branches:
Dungeon (5/15)
 Temple: D:4-7

Altars:
Uskayaw

Shops:
D:5 *


Innate Abilities, Weirdness & Mutations

You are resistant to torment.
Your stone body is resilient. (AC +4)
You are immune to poison.
You resist negative energy. (rN+)
You are resistant to electric shocks. (rElec)
You can survive without breathing.
You are immune to petrification.
You are immune to rotting.


Message History

The killer bee zombie closely misses you.
The orc wizard completely misses you. The killer bee zombie hits you.
* * * LOW HITPOINT WARNING * * *
The orc wizard hits you with a dagger.
* * * LOW HITPOINT WARNING * * *
You block the killer bee zombie's attack.
You miss the orc wizard.
The orc wizard is moderately wounded.
The killer bee zombie hits you.
* * * LOW HITPOINT WARNING * * *
The orc wizard casts a cantrip, but nothing happens.
The killer bee zombie closely misses you.
Unknown command.
You whack the orc wizard! You freeze the orc wizard.
You kill the orc wizard!
Trog accepts your kill.
Trog appreciates your killing of a magic user.
The killer bee zombie barely misses you.
The killer bee zombie hits you.
You die...

....####.......
...............
#.........#...
#...≈≈≈......
####..≈≈≈≈≈....
......≈≈∩≈≈.#
#..≈≈.≈≈#
#..)≈Z≈.#
#..)@...#
####....#
#....# ######


You could see a killer bee zombie.

Vanquished Creatures
  An ogre (D:4)
  A centaur (D:5)
  3 scorpions
  2 hounds (D:4)
  A bullfrog skeleton (D:4)
  2 orc wizards (D:5)
  A worker ant (D:4)
  Robin (D:3)
  3 adders
  An ooze (D:1)
  A worm (D:3)
  2 dart slugs
  5 leopard geckos
  20 orcs
  2 ball pythons
  4 giant cockroaches (D:3)
  13 goblins
  13 hobgoblins
  11 jackals
  4 quokkas
  8 bats
  9 frilled lizards
  9 kobolds
  A leopard gecko skeleton (D:4)
  14 rats
132 creatures vanquished.

Notes
Turn   | Place    | Note
-------+----------+-------------------------------------------
     0 | D:1      | Fang the Gargoyle Berserker began the quest for the Orb.
     0 | D:1      | Reached XP level 1. HP: 14/14 MP: 1/1
   366 | D:1      | Reached XP level 2. HP: 11/19 MP: 2/2
   562 | D:1      | Reached XP level 3. HP: 22/24 MP: 3/3
   614 | D:1      | Reached ** piety under Trog
  1157 | D:2      | Noticed a scorpion
  1167 | D:2      | Killed a scorpion
  1167 | D:2      | Reached skill level 4 in Fighting
  1167 | D:2      | Reached XP level 4. HP: 29/29 MP: 4/4
  1858 | D:2      | Reached XP level 5. HP: 33/33 MP: 5/5
  2155 | D:2      | Found a hide-covered altar of Uskayaw.
  2313 | D:3      | Noticed Robin
  2332 | D:3      | Killed Robin
  2408 | D:3      | Reached *** piety under Trog
  2843 | D:3      | Reached skill level 1 in Stealth
  3138 | D:3      | Reached XP level 6. HP: 39/39 MP: 6/6
  3251 | D:4      | Reached skill level 1 in Maces & Flails
  3494 | D:4      | Reached XP level 7. HP: 27/44 MP: 7/7
  3535 | D:4      | Reached **** piety under Trog
  3563 | D:4      | Reached skill level 5 in Fighting
  4091 | D:5      | Entered Level 5 of the Dungeon
  4223 | D:5      | Found Ymoryol's Assorted Antiques.
  4244 | D:5      | HP: 2/44 [killer bee zombie (3)]
  4245 | D:5      | Slain by a killer bee zombie

Skill      XL: |  1  2  3  4  5  6  7 |
---------------+----------------------+-----
Axes           | 3 4 |  4.4
Fighting       | 4 5 |  5.2
Dodging        | 2 3 |  3.3
Stealth        | 1 2 |  2.4
Maces & Flails | 2 3 |  3.8
Armour         | |  2.3

Action                   |  1- 3 |  4- 6 |  7- 9 || total
-------------------------+-------+-------+-------++-------
Melee: Hand axe          |    75 |   151 |       ||   226
       Whip              |       |   156 |    78 ||   234
Invok: Berserk           |     2 |     4 |     3 ||     9
  Use: Scroll            |       |       |     9 ||     9
 Stab: Sleeping          |       |     3 |       ||     3
       Distracted        |       |     1 |       ||     1
  Eat: Chunk             |     1 |    12 |     5 ||    18
Armor: Animal skin       |    20 |    99 |    39 ||   158
Dodge: Dodged            |    56 |   209 |    72 ||   337
Block: Other             |       |       |     2 ||     2
